 Dungeon Crawl Stone Soup version 0.31-a0-263-ge8cad7f256 (webtiles) character file.

Game seed: 12524061282436666470

336 qw the Shooter (level 6, -4/36 HPs)
             Began as a Gargoyle Hexslinger on July 13, 2023.
             Slain by Sigmund
             ... wielding a +0 scythe
              (8 damage)
             ... on level 3 of the Dungeon.
             The game lasted 00:00:57 (1630 turns).

qw the Shooter (Gargoyle Hexslinger)                Turns: 1630, Time: 00:00:58

Health: -4/36      AC:  9    Str: 12    XL:     6   Next: 54%
Magic:  7/7        EV: 10    Int: 13    God:
Gold:   104        SH:  0    Dex: 14    Spells: 6/7 levels left

rFire   . . .        Y - +1 sling
rCold   . . .        (no shield)
rNeg    + . .        b - +0 ring mail
rPois   inf          (no helmet)
rElec   +            (no cloak)
rCorr   .            (no gloves)
SInv    .            (no boots)
Will    .....        e - amulet of regeneration Stlth
                     (no ring)
HPRegen 1.06/turn    (no ring)
MPRegen 0.10/turn

%: no passive effects
@: confused
A: sickness immunity, AC +4, negative energy resistance 1, electricity
resistance, torment resistance 1, petrification resistance
a: no special abilities


You were on level 3 of the Dungeon.
You visited 1 branch of the dungeon, and saw 3 of its levels.

You collected 104 gold pieces.


Innate Abilities, Weirdness & Mutations

You are immune to sickness and miasma.
Your stone body is resilient. (AC +4)
You are immune to poison.
You resist negative energy. (rN+)
You are resistant to electric shocks. (rElec)
You are resistant to unholy torment.
You are immune to petrification.


   Skills:
 + Level 2.4 Fighting
 - Level 6.2 Ranged Weapons
 - Level 1.2 Armour
 - Level 1.5 Dodging
 - Level 1.0 Spellcasting
 - Level 2.6 Hexes


You had 6 spell levels left.
You knew the following spells:

 Your Spells              Type           Power      Damage    Failure   Level
a - Slow                  Hex            28%        N/A       22%         1

Your spell library contained the following spells:

 Spells                   Type           Power      Damage    Failure   Level
 Inner Flame              Hex/Fire       4%         N/A       73%         3
 Portal Projectile        Hex/Tloc       8%         N/A       73%         3
 Cause Fear               Hex            3%         N/A       91%         4

Inventory:

Hand Weapons
 Y - a +1 sling (weapon)
Armour
 b - a +0 ring mail (worn)
Jewellery
 e - an amulet of regeneration (around neck)
 i - a ring of ice
Scrolls
 d - a scroll of noise {unknown}
 f - 2 scrolls of teleportation {unknown}
 h - a scroll of immolation {unknown}
Potions
 a - 2 potions of heal wounds {unknown}
 c - a potion of curing {unknown}
 g - a potion of degeneration {unknown}

Dungeon Overview and Level Annotations

Branches:
Dungeon (3/15)

Altars:
Qazlal

Annotations:
D:3 2 transporters, Sigmund; qw's ghost, amateur GrHs


Message History

Enter note:
Enter note:
Enter note:
Enter note:
Enter note:
Enter note: You shoot a sling bullet.
You shoot a sling bullet. Something hits you.
You shoot a sling bullet. Something hits you.
You shoot a sling bullet. You shoot a sling bullet.
You feel less confused. Something hits you but does no damage.
You shoot a sling bullet. Something hits you.
You shoot a sling bullet. Something hits you.
You shoot a sling bullet. Something hits you but does no damage.
You shoot a sling bullet. You shoot a sling bullet.
Something hits you but does no damage.
You shoot a sling bullet. Something hits you!
You shoot a sling bullet. Something hits you!
You shoot a sling bullet.
You hear some strange, mumbled words.
A puff of flame appears from out of thin air!
The puff of flame hits you.
You shoot a sling bullet. Something hits you.
You shoot a sling bullet.
You hear some strange, mumbled words.
You are confused.
You shoot a sling bullet. Something hits you!
You die...

..............................
.....................#..#####..
.###.#..###.......(..#.## #. (#
#.#...#######........###
.###...#.####...........#..
.##...##....#.##..........
.......)................#
............##...##.....###
..<.............@#.........
........................#
..................{.#####
.#...........#.........#
.##...#"....##...###........
.####.############ ###%##...
......#^. .^.. .. ... .
.###..#..##...##..# ....
......#.#..#.#..#.# .....


There were no monsters in sight!

Vanquished Creatures
  Grinder (D:3)
  Jessica (D:2)
  4 adders
  2 worms (D:2)
  4 dart slugs
  7 ball pythons
  3 bats
  2 endoplasms
  5 giant cockroaches
  A goblin (D:3)
  5 hobgoblins
  3 jackals (D:3)
  4 quokkas
  A frilled lizard (D:1)
  8 kobolds
  4 rats
55 creatures vanquished.

Notes
Turn   | Place    | Note
-------+----------+-------------------------------------------
     0 | D:1      | qw the Gargoyle Hexslinger began the quest for the Orb.
     0 | D:1      | Reached XP level 1. HP: 12/12 MP: 2/2
     0 | D:1      | 0 ||| qw: Version: 0.3-a-52-g30416fa
     0 | D:1      | 0 ||| qw: Game counter: 7100
     0 | D:1      | 0 ||| qw: Melee chars always use a shield: true
     0 | D:1      | 0 ||| qw: God list: Okawaru
     0 | D:1      | 0 ||| qw: Allow faded altars: false
     0 | D:1      | 0 ||| qw: Do Orc after clearing Dungeon:15 true
     0 | D:1      | 0 ||| qw: Do second Lair branch before Depths: true
     0 | D:1      | 0 ||| qw: Lair rune preference: random
     0 | D:1      | 0 ||| qw: Goals: Normal
     0 | D:1      | 0 ||| PLANNING D:1-11
    99 | D:1      | Reached XP level 2. HP: 16/16 MP: 3/3
   238 | D:1      | Reached skill level 3 in Ranged Weapons
   386 | D:1      | 386 ||| UPGRADING to +0 leather armour.
   396 | D:1      | 396 ||| DROPPING +0 robe.
   397 | D:1      | 397 ||| UPGRADING to amulet of regeneration.
   402 | D:1      | 402 ||| READING 2 scrolls labelled ULEOXT TOIJ.
   403 | D:1      | 403 ||| DROPPING scroll of fog.
   404 | D:1      | 404 ||| DROPPING scroll of poison.
   430 | D:2      | Reached XP level 3. HP: 21/21 MP: 4/4
   485 | D:2      | Noticed Jessica
   490 | D:2      | Killed Jessica
   491 | D:2      | Reached XP level 4. HP: 26/26 MP: 5/5
   504 | D:2      | Reached skill level 4 in Ranged Weapons
   850 | D:2      | Found a stormy altar of Qazlal.
  1174 | D:2      | 1174 ||| UPGRADING to +0 ring mail.
  1184 | D:2      | 1184 ||| DROPPING +0 leather armour.
  1185 | D:2      | 1185 ||| READING scroll labelled BIMA BUASOPUSCH.
  1186 | D:2      | 1186 ||| READING scroll labelled JIVUEQ MOTAPPA.
  1233 | D:3      | 1233 ||| STAIRDANCE
  1345 | D:3      | Reached skill level 1 in Armour
  1345 | D:3      | Reached XP level 5. HP: 29/30 MP: 6/6
  1426 | D:3      | Noticed Grinder
  1429 | D:3      | Paralysed by Grinder for 5 turns
  1437 | D:3      | Paralysed by Grinder for 4 turns
  1448 | D:3      | 1448 ||| FLEEEEING.
  1449 | D:3      | 1449 ||| FLEEEEING.
  1449 | D:3      | Paralysed by Grinder for 4 turns
  1455 | D:3      | 1455 ||| FLEEEEING.
  1464 | D:3      | Paralysed by Grinder for 3 turns
  1469 | D:3      | HP: 7/30 [Grinder (5)]
  1471 | D:3      | Killed Grinder
  1472 | D:3      | Reached skill level 6 in Ranged Weapons
  1472 | D:3      | Reached XP level 6. HP: 12/35 MP: 7/7
  1534 | D:3      | Noticed qw's ghost (amateur GrHs)
  1536 | D:3      | Found a transporter.
  1536 | D:3      | Found a transporter.
  1579 | D:3      | Noticed Sigmund
  1610 | D:3      | 1610 ||| FLEEEEING.
  1626 | D:3      | HP: 5/36 [something (10)]
  1627 | D:3      | HP: 2/36 [something/puff of flame (4)]
  1630 | D:3      | Slain by Sigmund

Levels and vault maps discovered:
D:1:      scummos_arrival_simple_fountains, layout_rooms, minmay_misc_feat_iff
D:2:      layout_basic, basic_altar, minmay_small_reverse_x, uniq_jessica
D:3:      layout_rooms, gammafunk_ghost_smash, uniq_sigmund, uniq_grinder

Skill      XL: |  1  2  3  4  5 |
---------------+----------------+-----
Ranged Weapons | 3 4 6 |  6.2
Fighting       | 2 |  2.4
Armour         | 1 |  1.2
Dodging        | |  1.5
Spellcasting   | |  1.0
Hexes          | |  2.6

Action                     |  1- 3 |  4- 6 || total
---------------------------+-------+-------++-------
   Fire: Sling             |    74 |   185 ||   259
    Use: Scroll            |     1 |     2 ||     3
 Armour: Leather armour    |     6 |    19 ||    25
         Ring mail         |       |    48 ||    48
  Dodge: Dodged            |    19 |    81 ||   100

Table legend:
 A = Non-vault XP
 B = Vault XP
 C = Vault XP percentage of total XP
 D = Non-vault monster count
 E = Vault monster count
 F = Vault count percentage of total count
                 A         B        C        D         E       F
            +---------+---------+-------+---------+---------+-------
      Total |     147 |     333 |  69.4 |      49 |       6 |  10.9
            +---------+---------+-------+---------+---------+-------
        D:1 |      29 |       0 |   0.0 |      16 |       0 |   0.0
        D:2 |      71 |      43 |  37.7 |      16 |       5 |  23.8
        D:3 |      47 |     290 |  86.1 |      17 |       1 |   5.6
            +---------+---------+-------+---------+---------+-------
